 Dungeon Crawl Stone Soup version 0.25-a0-834-g55863b0b92 (webtiles) character file.

Game seed: 4990211769115996524, levelgen mode: deterministic

134 Findor the Cudgeler (level 5, 0/54 HPs)
             Began as an Ogre Berserker on Apr 22, 2020.
             Was a Believer of Trog.
             Killed from afar by an orc wizard (7 damage)
             ... with a puff of flame
             ... on level 3 of the Dungeon.
             The game lasted 00:04:28 (1847 turns).

Findor the Cudgeler (Ogre Berserker)                Turns: 1847, Time: 00:04:29

Health: 0/54       AC:  5    Str: 22    XL:     5   Next: 17%
Magic:  5/5        EV: 10    Int: 12    God:    Trog [**....]
Gold:   73         SH:  0    Dex:  8    Spells: 4/4 levels left

rFire    . . .     SeeInvis .   e - +1 mace (protect)
rCold    . . .     Gourm    .   (no shield)
rNeg     . . .     Faith    .   b - +0 animal skin
rPois    .         Spirit   .   (helmet restricted)
rElec    .         Reflect  .   l - +1 cloak
rCorr    .         Harm     .   (gloves unavailable)
MR       .....                  (boots unavailable)
Stlth    +.........             (no amulet)
HPRegen  0.18/turn              n - +4 ring of intelligence
MPRegen  0.09/turn              (no ring)

@: mighty, berserk cooldown
A: large, unfitting armour, tough skin 1
a: Berserk, Trog's Hand, Renounce Religion


You were on level 3 of the Dungeon.
You worshipped Trog.
Trog was pleased with you.
You were very hungry.

You visited 1 branch of the dungeon, and saw 3 of its levels.

You collected 73 gold pieces.


Innate Abilities, Weirdness & Mutations

You are too large for most types of armour.
You have tough skin. (AC +1)


   Skills:
 - Level 4.0 Fighting
 * Level 5.2 Maces & Flails
 - Level 2.6 Dodging


You had 4 spell levels left.
You didn't know any spells.
Your spell library was empty.

Inventory:

Hand Weapons
 a - a +0 mace
 e - a +1 mace of protection (weapon)
   (You found it on level 1 of the Dungeon)
Missiles
 d - 3 boomerangs (quivered)
 o - a throwing net {!f}
Armour
 b - a +0 animal skin (worn)
 l - a +1 cloak (worn)
   (You found it on level 1 of the Dungeon)
Jewellery
 n - a +4 ring of intelligence (left hand)
   (You found it on level 2 of the Dungeon)
Scrolls
 f - a scroll of identify {@r1}
 h - 3 scrolls of amnesia
 i - 2 scrolls of teleportation {@r4}
 p - a scroll of remove curse {@r2}
Potions
 k - 3 potions of haste {@q3}
 m - a potion of brilliance
 q - a potion of berserk rage
Comestibles
 c - 7 rations
 g - 12 chunks of flesh


Message History

* * * LOW HITPOINT WARNING * * *
Something hits you but does no damage.
You hit something.
Your weapon exudes an aura of protection.
Something hits you.
* * * LOW HITPOINT WARNING * * *
You hear some strange, mumbled words.
A magic dart appears from out of thin air!
The magic dart hits you but does no damage.
You hit something.
You hear some strange, mumbled words.
You are confused.
Something hits you.
* * * LOW HITPOINT WARNING * * *
Found a scroll of identify.
You hear some strange, mumbled words.
A magic dart appears from out of thin air!
The magic dart hits you but does no damage.
You bump into the rock wall.
Something hits you but does no damage.
You bump into the rock wall.
Something hits you.
* * * LOW HITPOINT WARNING * * *
You hear some strange, mumbled words.
You are more confused.
Unknown command.
Unknown command.
You closely miss something.
You hear some strange, mumbled words.
A puff of flame appears from out of thin air!
The puff of flame hits you!
* * * LOW HITPOINT WARNING * * *
It was a potion of might.
You feel very mighty all of a sudden. Something hits you but does no damage.
Something hits you.
* * * LOW HITPOINT WARNING * * *
Something hits you but does no damage.
Unknown command.
Okay, then.
You're too confused to move!
Something hits you.
* * * LOW HITPOINT WARNING * * *
Something hits you but does no damage.
You feel less confused.
Unknown command.
You closely miss something.
Something hits you but does no damage. x2
You miss something.
You feel yourself speed up.
An orc wizard appears from thin air!
Reactivating autopickup.
The orc wizard gestures at you while chanting.
The puff of flame hits you!
You die...

#.<.......# #?........#
###.......!.#
............#
..........?.# #....))...#
#.)..))...######## ###
#######o.#........
.....##### #@...#######
#.......###.....########
...#.###..###.##........#
##.....#########..
###...........
#...##..#####
>.......#####.###
...###### #...# ###.#


You could see an orc wizard.

Vanquished Creatures
  An orc wizard (D:3)
  3 adders (D:2)
  A worm (D:3)
  2 dart slugs (D:1)
  2 leopard geckos
  4 orcs
  5 giant cockroaches
  7 goblins
  11 hobgoblins
  A quokka (D:2)
  2 ball pythons
  4 bats
  3 frilled lizards
  8 kobolds
  7 rats
61 creatures vanquished.

Notes
Turn   | Place    | Note
-------+----------+-------------------------------------------
     0 | D:1      | Findor the Ogre Berserker began the quest for the Orb.
     0 | D:1      | Reached XP level 1. HP: 24/24 MP: 1/1
   217 | D:1      | Reached skill level 3 in Maces & Flails
   273 | D:1      | Reached XP level 2. HP: 32/32 MP: 2/2
   525 | D:1      | Reached XP level 3. HP: 39/39 MP: 3/3
   605 | D:1      | Reached ** piety under Trog
   845 | D:2      | Reached skill level 4 in Maces & Flails
   978 | D:2      | Found a bloodstained altar of Trog.
  1299 | D:2      | Reached XP level 4. HP: 45/48 MP: 4/4
  1694 | D:3      | Found a radiant altar of Vehumet.
  1819 | D:3      | Reached skill level 5 in Maces & Flails
  1819 | D:3      | Reached XP level 5. HP: 31/54 MP: 5/5
  1841 | D:3      | HP: 10/54 [something/puff of flame (11)]
  1847 | D:3      | Killed from afar by an orc wizard

Levels and vault maps discovered:
D:1:      lemuel_arrival_tunnels, layout_basic, minmay_misc_feat_roman, hex_tiny
D:2:      layout_basic, trog_butcher_becter
D:3:      layout_rooms, lemuel_coloured_pillars_altar

Action                   |  1- 3 |  4- 6 || total
-------------------------+-------+-------++-------
Melee: Mace              |    89 |    94 ||   183
Invok: Berserk           |     1 |     1 ||     2
       Trog's Hand       |       |     1 ||     1
  Use: Scroll            |     3 |     6 ||     9
       Potion            |       |     2 ||     2
 Stab: Sleeping          |     1 |       ||     1
  Eat: Chunk             |     2 |     2 ||     4
Armor: Animal skin       |    29 |    62 ||    91
Dodge: Dodged            |    45 |    42 ||    87
